 Dungeon Crawl Stone Soup version 0.30-a0-414-gcb316572d5 (webtiles) character file.

Game seed: 15320759074167816680

57 Nerdsrcool the Magician (level 4, -4/31 HPs)
             Began as a Djinni Fire Elementalist on Dec 7, 2022.
             Was an Initiate of Yredelemnul.
             Slain by an iguana (13 damage)
             ... on level 3 of the Dungeon.
             The game lasted 00:07:09 (1951 turns).

Nerdsrcool the Magician (Djinni Fire Elementalist)  Turns: 1951, Time: 00:07:09

Health: -4/31      AC:  2    Str:  9    XL:     4   Next: 18%
Gold:   174        EV: 12    Int: 17    God:    Yredelemnul [......] SH:  8 Dex: 13

rFire   + + .      SeeInvis .    e - +0 whip
rCold   x . .      Faith    .    f - +0 buckler
rNeg    + + .      Spirit   .    a - +0 robe
rPois   ∞          Reflect  +    (no helmet)
rElec   .          Harm     .    (no cloak)
rCorr   .          Rampage  .    (no gloves)
Will    .....                    (boots unavailable)
Stlth   ++........               o - amulet of reflection
HPRegen 0.25/turn                d - ring of positive energy
MPRegen 0.00/turn                s - ring of positive energy

@: flying, very slightly contaminated
A: sickness immunity, fire resistance 2, cold vulnerability 1, float, innate
caster, HP casting, extra vitality 1
a: Renounce Religion, Recall Undead Harvest


You were on level 3 of the Dungeon.
You worshipped Yredelemnul.
Yredelemnul was noncommittal.
You visited 1 branch of the dungeon, and saw 3 of its levels.

You collected 174 gold pieces.

Inventory:

Hand Weapons
 e - a +0 whip (weapon)
Armour
 a - a +0 robe (worn)
 b - a +0 scale mail
 f - a +0 buckler (worn)
 q - a +0 leather armour
Jewellery
 d - a ring of positive energy (left hand)
 o - an amulet of reflection (around neck)
 s - a ring of positive energy (right hand)
Scrolls
 g - 2 scrolls of blinking
 m - a scroll of poison
 n - a scroll of teleportation
 r - a scroll of amnesia {unknown}
Potions
 c - a potion of degeneration {unknown}
 h - a potion of invisibility {unknown}
 i - a potion of magic {unknown}
 j - 2 potions of attraction
 k - a potion of flight {unknown}
 l - a potion of ambrosia {unknown}
 p - a potion of curing {unknown}


   Skills:
 + Level 2.3 Dodging
 + Level 1.8 Stealth
 + Level 3.5 Spellcasting


You couldn't memorise any spells.
You knew the following spells:

 Your Spells              Type           Power      Damage    Failure   Level
a - Foxfire               Conj/Fire      60%        2x1d7     5%          1
b - Scorch                Fire           30%        2d6       8%          2
c - Kindle Blastsparks    Fire/Tloc/Air  30%        2d12      16%         3
d - Inner Flame           Hex/Fire       15%        N/A       16%         3
e - Flame Wave            Conj/Fire      15%        2d7       45%         4
f - Magic Dart            Conj           60%        1d6       5%          1
Your spell library was empty.

Dungeon Overview and Level Annotations

Branches:
Dungeon (3/15)

Altars:
Fedhas
Yredelemnul

Shops:
D:3 (


Innate Abilities, Weirdness & Mutations

You are immune to sickness and miasma.
You are immune to poison.
Your flesh is very heat resistant. (rF++)
You are vulnerable to cold. (rC-)
You float through the air rather than walking.
You learn spells naturally, not from books.
Your magical power is your life essence.
You have superior vitality. (+4 MHP)


Message History

Found Duetzifoa's Weapon Emporium.
You see here a +0 leather armour.
Found a human corpse.
Found a club.
Found a stone staircase leading down.
You see here a human corpse.
There is an entrance to Duetzifoa's Weapon Emporium here.
Found a trident.
You see here a +0 trident.
An iguana comes into view.
The magic dart hits the iguana.
The iguana is lightly wounded.
The iguana hisses angrily.
The magic dart hits the iguana but does no damage.
The iguana is lightly wounded.
The magic dart hits the iguana but does no damage.
The iguana is lightly wounded.
You miscast Magic Dart.
You are very lightly contaminated with residual magic.
Nothing appears to happen.
The magic dart hits the iguana but does no damage.
The iguana is lightly wounded.
Flames lash the iguana.
The iguana is moderately wounded.
The iguana's fire resistance burns away.
You miscast Scorch.
Nothing appears to happen.
The iguana closely misses you.
You miscast Scorch.
Nothing appears to happen.
You block the iguana's attack.
Flames lash the iguana but do no damage.
The iguana is no longer more vulnerable to fire.
The iguana bites you!
You are too injured to fight recklessly!
Casting: Scorch (safe; 8% risk of failure)
Press: ? - help, Q - select action, (/) - cycle Dir - look around, f - activate Flames lash the iguana.
The iguana is heavily wounded.
The iguana's fire resistance burns away.
* * * LOW HITPOINT WARNING * * *
The iguana bites you!
You die...
Your body rises from the dead as a mindless zombie.

#.# ####.... #.. #.#
.. .......∩ #..# #.#
.# ####.... #..# #.#
.# ##..) #..### #.#
.# ##### ###.. ....#
#.# .# #...#####.##.
#.#.# ##.## .#
#....).......
#.#.####...####l#
#...###......
###.............@.#
##.## #.#...>
......####...######
#.# #.####. #######
##.##########.####.#
#.
#.................#
#.
##########.########
#. #.# #. #.# ## #.#
#.#


You could see an iguana (combustible).

Vanquished Creatures
  A worm (D:2)
  2 dart slugs
  4 endoplasms
  A giant cockroach (D:2)
  3 goblins
  5 hobgoblins
  8 jackals
  5 kobolds
  2 quokkas (D:2)
  5 ball pythons
  4 bats
  A frilled lizard (D:1)
  3 rats (D:1)
44 creatures vanquished.

Vanquished Creatures (others)
  81 foxfires
81 creatures vanquished.

Grand Total: 125 creatures vanquished

Notes
Turn   | Place    | Note
-------+----------+-------------------------------------------
     0 | D:1      | Nerdsrcool the Djinni Fire Elementalist began the quest for
                  | the Orb.
     0 | D:1      | Nerdsrcool set off with the following spells memorised:
                  | Foxfire, Scorch, Kindle Blastsparks, Inner Flame, Flame
                  | Wave.
     0 | D:1      | Reached XP level 1. HP: 15/15 MP: 0/0
    22 | D:1      | Reached XP level 2. HP: 8/21 MP: 0/0
   374 | D:1      | Found a faded altar of an unknown god.
   382 | D:1      | Reached skill level 3 in Spellcasting
   899 | D:2      | Reached XP level 3. HP: 18/25 MP: 0/0
   899 | D:2      | Learned a level 1 spell: Magic Dart
  1360 | D:2      | Reached XP level 4. HP: 30/31 MP: 0/0
  1406 | D:2      | Identified the +1 leather armour of Duty {Regen+ rCorr
                  | Str-4}
  1765 | D:3      | Found a blossoming altar of Fedhas.
  1826 | D:3      | Found a basalt altar of Yredelemnul.
  1838 | D:3      | Became a worshipper of Yredelemnul the Dark
  1843 | D:3      | Found Duetzifoa's Weapon Emporium.
  1951 | D:3      | Slain by an iguana

Illustrated notes

Levels and vault maps discovered:
D:1:      moated_graveyard_arrival, layout_loops_ring,
          nicolae_ecumenical_snake_handling
D:2:      layout_basic
D:3:      layout_loops_ring, mainiacjoe_overflow_alcove_2, fedhas_altar_2,
          gammafunk_ghost_split, serial_shops, nicolae_shop_bloodbath_and_beyond

Skill      XL: |  1  2 |
---------------+-------+-----
Spellcasting   | 3 |  3.5
Dodging        | |  2.3
Stealth        | |  1.8

Action                   |  1- 3 |  4- 6 || total
-------------------------+-------+-------++-------
Melee: Whip              |       |     4 ||     4
 Cast: Foxfire           |    57 |       ||    57
       Magic Dart        |    23 |    19 ||    42
       Scorch            |     6 |     3 ||     9
  Use: Scroll            |       |     4 ||     4
 Stab: Sleeping          |       |     1 ||     1
Armor: Robe              |     1 |       ||     1
Dodge: Dodged            |     3 |     3 ||     6
Block: Buckler           |     1 |     3 ||     4

Table legend: (Time is in decaauts)
 A = Elapsed time spent in this place.
 B = Non-inter-level travel time spent in this place.
 C = Inter-level travel time spent in this place.
 D = Time resting spent in this place.
 E = Time spent auto-exploring this place.
 F = Levels seen in this place.
 G = Mean time per level.
                   A        B        C        D        E       F      G
               +--------+--------+--------+--------+--------+-----+--------+
         Total |   1949 |   1949 |      0 |     48 |   1533 |   3 |  649.7 |
       Dungeon |   1949 |   1949 |      0 |     48 |   1533 |   3 |  649.7 |
               +--------+--------+--------+--------+--------+-----+--------+

Top non-repeatable levels by time:
     D:1: 895 daAuts
     D:2: 868 daAuts
     D:3: 185 daAuts
